AoeStats
← funebrerosz

Arena

510679187Analyzed
1v1 RM · 12h ago on Oct 2, 2026· 20m 20s· 2 players
Game mode
Random Map
Map size
Tiny (2 player)
Population
200
Speed
Normal
Resources
Standard
Victory
Conquest
Starting age
Dark Age
Ending age
Imperial Age
RankedLock teamsTeams togetherTeam positionsShared explorationLock speedFull tech treeHidden civsTurbo modeCheats
Victory
Defeat
🇦🇷 Khmer · Argentina
537
+11
🇦🇷 Franks · Argentina
427
-11
funebrerosz
4:18 Loom
9:54 Feudal Age
10:31 Double-Bit Axe
20:45 Castle Age
DRO58912
12:14 Feudal Age
15:46 Castle Age
14:31 Loom
18:02 Double-Bit Axe
Connection lost

Rejoining the realm…

Still unreachable

The connection could not be restored.

Session expired

The server has moved on; the page needs a fresh start.